 Dungeon Crawl Stone Soup version 0.28.0 (webtiles) character file.

Game seed: 10341022742791817792

547 Sanktem7 the Chiller (level 7, -7/51 HPs)
             Began as a Gnoll Ice Elementalist on Feb 8, 2022.
             Was an Initiate of Gozag.
             Mangled by an orc warrior (11 damage)
             ... on level 5 of the Dungeon.
             The game lasted 00:11:08 (4980 turns).

Sanktem7 the Chiller (Gnoll Ice Elementalist)       Turns: 4980, Time: 00:11:09

Health: -7/51      AC:  6    Str:  8    XL:     7   Next: 28%
Magic:  13/15      EV: 13    Int: 16    God:    Gozag
Gold:   337        SH:  0    Dex: 12    Spells: 16/17 levels left

rFire   . . .      SeeInvis .   o - +0 long sword (elec)
rCold   . . .      Faith    .   (no shield)
rNeg    . . .      Spirit   .   a - +0 robe
rPois   .          Reflect  .   (no helmet)
rElec   .          Harm     .   n - +2 cloak
rCorr   .          Rampage  .   g - +0 pair of gloves
Will    .....                   (no boots)
Stlth   +++.......              (no amulet)
HPRegen 0.17/turn               (no ring)
MPRegen 0.14/turn               (no ring)

@: gold aura
A: fangs 1, strong nose, distributed training
a: Renounce Religion, Potion Petition, Call Merchant, Bribe Branch


You were on level 5 of the Dungeon.
You worshipped Gozag.
Gozag was aware of your devotion.
You visited 1 branch of the dungeon, and saw 5 of its levels.

You collected 386 gold pieces.
You paid 49 gold pieces to Gozag.

Inventory:

Hand Weapons
 o - a +0 long sword of electrocution (weapon)
Missiles
 c - a throwing net
Armour
 a - a +0 robe (worn)
 g - a +0 pair of gloves (worn)
 n - a +2 cloak (worn)
Scrolls
 b - 2 scrolls of teleportation
 i - a scroll of torment
 j - a scroll of identify
 k - a scroll of fear
 l - a scroll of amnesia
 m - a scroll of immolation {unknown}
Potions
 d - a potion of might
 f - 2 potions of attraction {unknown}
 h - 2 potions of mutation


   Skills:
 + Level 2.3 Fighting
 + Level 2.3 Short Blades
 + Level 2.3 Long Blades
 + Level 2.3 Axes
 + Level 2.3 Maces & Flails
 + Level 2.3 Polearms
 + Level 2.3 Staves
 + Level 2.3 Slings
 + Level 2.3 Bows
 + Level 2.3 Crossbows
 + Level 2.3 Throwing
 + Level 2.3 Armour
 + Level 5.2 Dodging
 + Level 4.8 Stealth
 + Level 2.3 Shields
 + Level 2.3 Unarmed Combat
 + Level 5.5 Spellcasting
 + Level 1.9 Conjurations
 + Level 1.9 Hexes
 + Level 1.9 Summonings
 + Level 1.9 Necromancy
 + Level 1.9 Translocations
 + Level 1.9 Transmutations
 + Level 1.9 Fire Magic
 + Level 7.4 Ice Magic
 + Level 1.9 Air Magic
 + Level 1.9 Earth Magic
 + Level 1.9 Poison Magic
 + Level 2.6 Invocations
 + Level 2.3 Evocations


You had 16 spell levels left.
You knew the following spells:

 Your Spells              Type           Power      Damage    Failure   Level
a - Freeze                Ice            100%       1d11      1%          1

Your spell library contained the following spells:

 Spells                   Type           Power      Damage    Failure   Level
 Frozen Ramparts          Ice            56%        1d7       1%          3
 Ozocubu's Armour         Ice            28%        N/A       1%          3
 Blink                    Tloc           20%        N/A       10%         2
 Call Canine Familiar     Summ           10%        N/A       19%         3
 Portal Projectile        Hex/Tloc       20%        N/A       19%         3
 Hailstorm                Conj/Ice       19%        3d6       21%         4
 Leda's Liquefaction      Hex/Erth       5%         N/A       54%         4
 Blade Hands              Tmut           5%         N/A       87%         5
 Excruciating Wounds      Necr           5%         N/A       87%         5
 Manifold Assault         Tloc           10%        N/A       87%         5
 Storm Form               Tmut/Air       5%         N/A       100%        7


Dungeon Overview and Level Annotations

Branches:
Dungeon (5/15)
 Temple: D:4-7

Altars:
Gozag
Makhleb

Annotations:
D:3 1 runed translucent door, dornbeast's ghost, amateur DsBr


Innate Abilities, Weirdness & Mutations

You have very sharp teeth.
Your uncanny sense of smell can sniff out nearby items.
Your experience applies equally to all skills.


Message History

The ogre misses you.
Casting: Freeze (safe; 1% risk of failure)
Confirm with . or Enter, or press ? or * to list all spells.
Aiming: Freeze (safe; 1% risk of failure)
Press: ? - help, Shift-Dir - straight line, f/p - ogre
Aim: an ogre, wielding a +0 giant club (almost dead)
You freeze the ogre.
You kill the ogre!
Casting: Freeze (safe; 1% risk of failure)
Confirm with . or Enter, or press ? or * to list all spells.
Aiming: Freeze (safe; 1% risk of failure)
Press: ? - help, Shift-Dir - straight line, f - orc
Aim: an orc, wielding a +0 club You freeze the orc!
You kill the orc!
A yak comes into view.
Found a scroll of teleportation.
The orc warrior is distracted by your dazzling golden aura.
The yak bellows!
The orc warrior is no longer distracted by gold.
The orc warrior is distracted by your dazzling golden aura.
The orc is distracted by your dazzling golden aura.
You see here a scroll of teleportation.
Casting: Freeze (safe; 1% risk of failure)
Confirm with . or Enter, or press ? or * to list all spells.
Aiming: Freeze (safe; 1% risk of failure)
Press: ? - help, Shift-Dir - straight line, f - orc
Aim: an orc, wielding a +0 club and wearing a +0 leather armour You freeze the orc.
You kill the orc!
The orc warrior shouts!
The orc shouts!
You hear a bellow!
The orc warrior hits you with a +0 flail!
* * * LOW HITPOINT WARNING * * *
The orc warrior hits you with a +0 flail.
* * * LOW HITPOINT WARNING * * *
As you read the scroll of fog, it crumbles to dust.
The scroll dissolves into smoke.
The orc warrior closely misses you.
The orc warrior hits you with a +0 flail!
You die...
Your body crumbles into a pile of gold.

#......######### .
####............
..#####...########.
.................
......#..##....## ###
..#....o.#....###...
#....###..#<.......##
#.##.###..#§§§§#....#
#.......§§@§.....#
.######$##§#o§#.##.#
..........§oY§# #
.##...#.####§##.#
#...#...$?....# #..
#......#### ....
#.####.# ...# #.. ..#
!.. ..# #.#


You could see a yak, an orc warrior and an orc.

Vanquished Creatures
  An ogre (D:5)
  4 hounds
  An orc priest (D:3)
  3 iron imps (D:4)
  3 iguanas
  5 adders
  An adder skeleton (D:4)
  5 dart slugs
  9 orcs
  6 ball pythons
  5 endoplasms
  6 giant cockroaches
  3 goblins
  5 hobgoblins (D:1)
  4 jackals
  9 kobolds
  3 quokkas (D:1)
  4 bats
  3 frilled lizards
  16 rats
96 creatures vanquished.

Notes
Turn   | Place    | Note
-------+----------+-------------------------------------------
     0 | D:1      | Sanktem7 the Gnoll Ice Elementalist began the quest for the
                  | Orb.
     0 | D:1      | Reached XP level 1. HP: 13/13 MP: 6/6
   233 | D:1      | Reached XP level 2. HP: 11/19 MP: 5/7
   509 | D:1      | Found a faded altar of an unknown god.
   780 | D:1      | Reached XP level 3. HP: 25/25 MP: 7/9
   945 | D:1      | Reached skill level 5 in Spellcasting
  1444 | D:2      | Reached skill level 1 in Invocations
  1543 | D:2      | Reached skill level 1 in Fighting
  1543 | D:2      | Reached skill level 1 in Short Blades
  1543 | D:2      | Reached skill level 1 in Long Blades
  1543 | D:2      | Reached skill level 1 in Axes
  1543 | D:2      | Reached skill level 1 in Maces & Flails
  1543 | D:2      | Reached skill level 1 in Polearms
  1543 | D:2      | Reached skill level 1 in Staves
  1543 | D:2      | Reached skill level 1 in Slings
  1543 | D:2      | Reached skill level 1 in Bows
  1543 | D:2      | Reached skill level 1 in Crossbows
  1543 | D:2      | Reached skill level 1 in Throwing
  1543 | D:2      | Reached skill level 1 in Armour
  1543 | D:2      | Reached skill level 1 in Shields
  1543 | D:2      | Reached skill level 1 in Unarmed Combat
  1543 | D:2      | Reached skill level 1 in Evocations
  1543 | D:2      | Reached XP level 4. HP: 29/32 MP: 6/11
  1881 | D:2      | Reached skill level 1 in Conjurations
  1881 | D:2      | Reached skill level 1 in Hexes
  1881 | D:2      | Reached skill level 1 in Summonings
  1881 | D:2      | Reached skill level 1 in Necromancy
  1881 | D:2      | Reached skill level 1 in Translocations
  1881 | D:2      | Reached skill level 1 in Transmutations
  1881 | D:2      | Reached skill level 1 in Fire Magic
  1881 | D:2      | Reached skill level 1 in Air Magic
  1881 | D:2      | Reached skill level 1 in Earth Magic
  1881 | D:2      | Reached skill level 1 in Poison Magic
  2364 | D:3      | Reached XP level 5. HP: 21/37 MP: 3/12
  2647 | D:3      | Found a runed translucent door.
  2647 | D:3      | Noticed dornbeast's ghost (amateur DsBr)
  2661 | D:3      | Found an opulent altar of Gozag.
  3463 | D:3      | Became a worshipper of Gozag Ym Sagoz the Greedy
  3582 | D:4      | Reached XP level 6. HP: 33/44 MP: 8/13
  3963 | D:4      | Reached skill level 5 in Dodging
  4119 | D:4      | Found a burning altar of Makhleb.
  4466 | D:4      | Reached XP level 7. HP: 17/50 MP: 8/15
  4888 | D:5      | Entered Level 5 of the Dungeon
  4968 | D:5      | Noticed a yak
  4980 | D:5      | Mangled by an orc warrior

Illustrated notes

Levels and vault maps discovered:
D:1:      zaba_arrival_water, layout_loops_ring,
          dreamdust_ecumenical_altar_statues, minmay_rat_gold_closets
D:2:      minmay_chambers_of_twos, layout_loops_corners
D:3:      layout_loops_ring, mainiacjoe_overflow_chevrons,
          hellmonk_ghost_happy_afterlife, grunt_ministairs_15
D:4:      layout_basic, demons_altar
D:5:      layout_basic, dk_rats_in_the_wall, uniq_blork_the_orc

Skill      XL: |  1  2  3  4  5  6 |
---------------+-------------------+-----
Spellcasting   | 5 |  5.5
Invocations    | 1 2 |  2.6
Fighting       | 1 2 |  2.3
Short Blades   | 1 2 |  2.3
Long Blades    | 1 2 |  2.3
Axes           | 1 2 |  2.3
Maces & Flails | 1 2 |  2.3
Polearms       | 1 2 |  2.3
Staves         | 1 2 |  2.3
Slings         | 1 2 |  2.3
Bows           | 1 2 |  2.3
Crossbows      | 1 2 |  2.3
Throwing       | 1 2 |  2.3
Armour         | 1 2 |  2.3
Shields        | 1 2 |  2.3
Unarmed Combat | 1 2 |  2.3
Evocations     | 1 2 |  2.3
Conjurations   | 1 |  1.9
Hexes          | 1 |  1.9
Summonings     | 1 |  1.9
Necromancy     | 1 |  1.9
Translocations | 1 |  1.9
Transmutations | 1 |  1.9
Fire Magic     | 1 |  1.9
Air Magic      | 1 |  1.9
Earth Magic    | 1 |  1.9
Poison Magic   | 1 |  1.9
Dodging        | 5 |  5.2
Stealth        | |  4.8
Ice Magic      | |  7.4

Action                   |  1- 3 |  4- 6 |  7- 9 || total
-------------------------+-------+-------+-------++-------
Melee: Unarmed           |    10 |    18 |       ||    28
       Punch             |       |     1 |       ||     1
       Long sword        |       |       |     2 ||     2
 Cast: Freeze            |    57 |   105 |    10 ||   172
  Use: Scroll            |     3 |     2 |     4 ||     9
 Stab: Sleeping          |     1 |     2 |       ||     3
Armor: Robe              |     6 |    11 |       ||    17
Dodge: Dodged            |    38 |    74 |    10 ||   122
